 Dungeon Crawl Stone Soup version 0.30.2 (webtiles) character file.

Game seed: 17482200872928689109

51 porpoise the Trooper (level 3, -4/31 HPs)
             Began as a Hill Orc Brigand on Jan 22, 2024.
             Slain by Terence
             ... wielding a +0 flail
              (10 damage)
             ... on level 3 of the Dungeon.
             The game lasted 00:04:06 (1382 turns).

porpoise the Trooper (Hill Orc Brigand)             Turns: 1382, Time: 00:04:07

Health: -4/31      AC:  8    Str: 13    XL:     3   Next: 83%
Magic:  3/3        EV: 10    Int: 11    God:
Gold:   115        SH:  0    Dex: 14    Spells: 2/2 levels left

rFire   . . .        a - +0 hand axe
rCold   . . .        (no shield)
rNeg    . . .        l - +0 ring mail
rPois   .            i - +0 helmet
rElec   .            c - +0 cloak
rCorr   .            b - +0 pair of gloves
SInv    .            (no boots)
Will    .....        (no amulet)
Stlth   ++           (no ring)
HPRegen 0.25/turn    (no ring)
MPRegen 0.08/turn

%: no passive effects
@: no status effects
A: no striking features
a: no special abilities


You were on level 3 of the Dungeon.
You visited 1 branch of the dungeon, and saw 3 of its levels.

You collected 115 gold pieces.

Inventory:

Hand Weapons
 a - a +0 hand axe (weapon)
 h - a +2 dagger
Missiles
 d - 9 poisoned darts (quivered)
 e - 6 curare-tipped darts
Armour
 b - a +0 pair of gloves (worn)
 c - a +0 cloak (worn)
 i - a +0 helmet (worn)
 l - a +0 ring mail (worn)
Jewellery
 p - a ring of wizardry
Scrolls
 f - 3 scrolls of teleportation
 g - a scroll of amnesia {unknown}
 k - a scroll of blinking {unknown}
 m - 2 scrolls of poison
 q - a scroll of fear
 t - a scroll of immolation {unknown}
Potions
 j - a potion of lignification {unknown}
 n - 2 potions of heal wounds
 o - 2 potions of curing {unknown}
 s - a potion of haste {unknown}


   Skills:
 + Level 3.4 Fighting
 - Level 2.0 Short Blades
 * Level 3.4 Axes
 - Level 1.7 Throwing
 - Level 0.7 Dodging
 - Level 3.2 Stealth


You had 2 spell levels left.
You didn't know any spells.
Your spell library was empty.

Dungeon Overview and Level Annotations

Branches:
Dungeon (3/15)

Altars:

Annotations:
D:3 Terence


Message History

You barely miss the bat. The bat closely misses you.
The bat hits you but does no damage.
You hit the bat.
You kill the bat!
Terence the Incautious comes into view.
He is wielding a +0 flail and carrying a wand of quicksilver (3).
Terence shouts!
You hear a shout!
Terence zaps a wand.
The bolt of dispelling energy hits you!
You see here a grey potion.
Terence zaps a wand.
The bolt of dispelling energy misses you.
Terence zaps a wand.
The bolt of dispelling energy hits you.
The now-empty wand crumbles to dust.
Terence barely misses you.
You hit Terence.
Terence is lightly wounded.
Terence hits you with a +0 flail. x2
You are too injured to fight recklessly!
You are too injured to fight recklessly!
You are too injured to fight recklessly!
You barely miss Terence.
Terence is lightly wounded.
Terence barely misses you.
You completely miss Terence.
Terence is lightly wounded.
Terence hits you with a +0 flail!
* * * LOW HITPOINT WARNING * * *
You closely miss Terence.
Terence is lightly wounded.
Terence hits you with a +0 flail.
* * * LOW HITPOINT WARNING * * *
You closely miss Terence.
Terence is lightly wounded.
Terence hits you but does no damage.
You hit Terence but do no damage.
Terence is lightly wounded.
Terence closely misses you.
You hit Terence but do no damage.
Terence is lightly wounded.
Terence hits you with a +0 flail!
You die...

.. .# #. .. .# ##
.# #.# ##@#
#..###@.# #...##.##
.. #...?..# .#
#....### .#
#...!### #.#
#......####..###
#...##.#.......#
#...##.#).†...)#
#...###.........###


You could see Terence.

Vanquished Creatures
  An adder (D:2)
  A dart slug (D:1)
  5 endoplasms
  3 goblins
  5 hobgoblins
  A quokka (D:1)
  3 ball pythons
  7 bats
  3 frilled lizards
  3 kobolds
  8 rats
40 creatures vanquished.

Notes
Turn   | Place    | Note
-------+----------+-------------------------------------------
     0 | D:1      | porpoise the Hill Orc Brigand began the quest for the Orb.
     0 | D:1      | Reached XP level 1. HP: 18/18 MP: 1/1
   174 | D:1      | Reached skill level 1 in Axes
   174 | D:1      | Reached XP level 2. HP: 24/25 MP: 2/2
   366 | D:1      | Found a faded altar of an unknown god.
   659 | D:2      | Reached XP level 3. HP: 29/31 MP: 3/3
  1371 | D:3      | Noticed Terence
  1382 | D:3      | Slain by Terence

Illustrated notes

Levels and vault maps discovered:
D:1:      dpeg_arrival_more_subterranean_lakeside_camping, layout_rooms,
          dreamdust_ecumenical_altar_grove
D:2:      layout_rooms
D:3:      layout_rooms, marbit_many_paths, minmay_quantized, uniq_terence

Skill      XL: |  1  2  3 |
---------------+----------+-----
Axes           | 1 2 3 |  3.4
Fighting       | 3 |  3.4
Short Blades   | |  2.0
Throwing       | |  1.7
Dodging        | |  0.7
Stealth        | |  3.2

Action                     || total
---------------------------++-------
  Melee: Hand axe          ||   149
         Dagger            ||     5
    Use: Scroll            ||     5
   Stab: Sleeping          ||     1
 Armour: Robe              ||     5
         Ring mail         ||    69
  Dodge: Dodged            ||    83
